 Dungeon Crawl Stone Soup version 0.31-a0-1074-g0b22e4e0f1 (webtiles) character file.

Game seed: 5284582583304992084

68 Curundu the Ruffian (level 4, -7/35 HPs)
             Began as a Draconian Shapeshifter on Dec 1, 2023.
             Mangled by Crazy Yiuf
             ... wielding a +4 quarterstaff of chaos
              (8 damage)
             ... on level 3 of the Dungeon on Dec 2, 2023.
             The game lasted 00:16:26 (3301 turns).

Curundu the Ruffian (Draconian Shapeshifter)        Turns: 3301, Time: 00:16:27

Health: -7/35      AC:  5    Str: 14 (17) XL:     4   Next: 1%
Magic:  4/4        EV: 12    Int:  9 (10) God:
Gold:   87         SH:  0    Dex: 10 (12) Spells: 3/3 levels left

rFire   . .          .
                       - Unarmed
rCold   . . .        (no shield)
rNeg    . . .        (body armour unavailable)
rPois   .            (helmet currently unavailable)
rElec   .            (cloak currently unavailable)
rCorr   .            (gloves currently unavailable)
SInv    .            (boots currently unavailable)
Will    +....        (no amulet)
Stlth   +            o - ring of willpower
HPRegen 0.25/turn    (no ring)
MPRegen 0.09/turn

%: no passive effects
@: beast-form
A: beast (slay +1), AC +5, unfitting armour, cold-blooded, stinger 1,
deterioration 1, teleportitis 1
a: Begin Untransformation


You were on level 3 of the Dungeon.
You were a hulking beast.
You visited 1 branch of the dungeon, and saw 3 of its levels.

You collected 87 gold pieces.

Inventory:

Hand Weapons
 d - a +0 sling
Missiles
 e - 24 stones
 q - 2 poisoned darts
Jewellery
 o - a ring of willpower (left hand)
Talismans
 b - a beast talisman
 c - a flux talisman
 s - a beast talisman
Scrolls
 f - a scroll of immolation
 g - a scroll of fog {unknown}
 i - 2 scrolls of teleportation {unknown}
 l - a scroll of amnesia {unknown}
 n - a scroll of revelation {unknown}
 p - a scroll of identify
 u - a scroll of noise {unknown}
Potions
 a - 2 potions of lignification
 j - a potion of mutation
 m - a potion of curing {unknown}
 r - a potion of resistance {unknown}
 t - a potion of heal wounds {unknown}


   Skills:
 + Level 1.6 Fighting
 + Level 0.6 Short Blades
 + Level 2.0 Ranged Weapons
 + Level 2.3 Dodging
 + Level 0.4 Stealth
 + Level 3.1 Unarmed Combat
 + Level 3.1 Shapeshifting


You had 3 spell levels left.
You didn't know any spells.
Your spell library was empty.

Dungeon Overview and Level Annotations

Branches:
Dungeon (3/15)

Altars:

Annotations:
D:3 Crazy Yiuf


Innate Abilities, Weirdness & Mutations

You are a hulking beast.
Your limbs bulge with bestial killing power. (Slay +1)
Your plain brown scales are hard. (AC +5)
You cannot fit into any form of body armour.
You are cold-blooded and may be slowed by cold attacks.
Your tail ends in a venomous barb.
Your body sometimes deteriorates upon taking damage.
You are occasionally teleported next to monsters.


Message History

You hit the fungus. You tail-slap the fungus.
The fungus is lightly damaged.
You hit the fungus.
The fungus is lightly damaged.
You hit the fungus.
The fungus is lightly damaged.
A nearby fungus withers and dies.
Found a hammer.
Found a runed translucent door.
Crazy Yiuf shouts!
You open the door. You hit Crazy Yiuf but do no damage.
You tail-slap Crazy Yiuf, but do no damage.
Crazy Yiuf hits you with a +4 quarterstaff of chaos!
You closely miss Crazy Yiuf. Crazy Yiuf closely misses you.
You barely miss Crazy Yiuf.
Crazy Yiuf hits you with a +4 quarterstaff of chaos!
Crazy Yiuf freezes you.
You hit Crazy Yiuf.
Your tail-slap misses Crazy Yiuf.
Crazy Yiuf is lightly wounded.
Crazy Yiuf waves his quarterstaff at you.
Crazy Yiuf hits you with a +4 quarterstaff of chaos!
* * * LOW HITPOINT WARNING * * *
You feel yourself slow down. Crazy Yiuf freezes you.
* * * LOW HITPOINT WARNING * * *
It was a potion of degeneration.
There was something very wrong with that liquid.
You feel weakened.
You feel dopey.
You feel clumsy. Crazy Yiuf barely misses you.
It was a potion of mutation.
You feel extremely strange.
You feel weirdly uncertain.
You feel yourself wasting away.
A venomous barb forms on the end of your tail.
You feel yourself speed up.
Crazy Yiuf cries, "Fire!"
Crazy Yiuf hits you with a +4 quarterstaff of chaos.
* * * LOW HITPOINT WARNING * * *
Your body deteriorates!
You feel weakened. Crazy Yiuf freezes you.
* * * LOW HITPOINT WARNING * * *
Crazy Yiuf hits you with a +4 quarterstaff of chaos!
You die...

♣♣♣♣♣### ###
♣♣♣.♣.P..##
#...#♣..♣......##
#...gh♣♣♣♣......##
#)..#♣♣
♣♣......##### ###
♣♣##...#...
#...#.# #.....#
#####.....###
.............
.####....#.##
#....<.....


You could see Crazy Yiuf.

Vanquished Creatures
  4 adders (D:2)
  A worm (D:2)
  A dart slug (D:2)
  2 ball pythons
  2 endoplasms (D:2)
  2 giant cockroaches (D:2)
  2 goblins
  3 hobgoblins
  A kobold (D:1)
  A quokka (D:1)
  3 bats
  2 frilled lizards
  4 rats
28 creatures vanquished.

Notes
Turn   | Place    | Note
-------+----------+-------------------------------------------
     0 | D:1      | Curundu the Draconian Shapeshifter began the quest for the
                  | Orb.
     0 | D:1      | Reached XP level 1. HP: 16/16 MP: 1/1
    20 | D:1      | Found a faded altar of an unknown god.
  1132 | D:1      | Reached skill level 1 in Ranged Weapons
  1132 | D:1      | Reached XP level 2. HP: 17/23 MP: 2/2
  2115 | D:2      | Reached XP level 3. HP: 18/28 MP: 3/3
  2907 | D:2      | Reached XP level 4. HP: 31/35 MP: 4/4
  3291 | D:3      | Found a runed translucent door.
  3292 | D:3      | Noticed Crazy Yiuf
  3301 | D:3      | Gained mutation: You are occasionally teleported next to
                  | monsters. [potion of mutation]
  3301 | D:3      | Gained mutation: Your body sometimes deteriorates upon
                  | taking damage. [potion of mutation]
  3301 | D:3      | Gained mutation: Your tail ends in a venomous barb. [potion
                  | of mutation]
  3301 | D:3      | HP: 1/35 [Crazy Yiuf/+4 quarterstaff of chaos (1)]
  3301 | D:3      | Mangled by Crazy Yiuf

Illustrated notes

Levels and vault maps discovered:
D:1:      beargit_arrival_greenhouse, layout_loops_ring,
          dreamdust_ecumenical_altar_grove, skrybe_limestone_x,
          chequers_serial_rivers_micro_c, minmay_hedge_maze,
          columned_hall_lemuel
D:2:      layout_basic, minmay_pentomino_v4
D:3:      layout_basic, old_standard_altar, nicolae_dithmenos_shadow_blocks,
          minmay_vboxes, uniq_robin, uniq_crazy_yiuf_cottage

Skill      XL: |  1  2  3 |
---------------+----------+-----
Ranged Weapons | 1 2 |  2.0
Dodging        | 2 |  2.3
Fighting       | |  1.6
Short Blades   | |  0.6
Stealth        | |  0.4
Unarmed Combat | |  3.1
Shapeshifting  | |  3.1

Action                     |  1- 3 |  4- 6 || total
---------------------------+-------+-------++-------
  Melee: Dagger            |   689 |       ||   689
         Tailslap          |   155 |     4 ||   159
         Punch             |    31 |     1 ||    32
         Unarmed           |     1 |    13 ||    14
   Fire: Sling             |    33 |       ||    33
    Use: Scroll            |     1 |       ||     1
         Potion            |       |     2 ||     2
 Armour: Skin              |    91 |     5 ||    96
  Dodge: Dodged            |   116 |     2 ||   118

Table legend: (Time is in decaauts)
 A = Elapsed time spent in this place.
 B = Non-inter-level travel time spent in this place.
 C = Inter-level travel time spent in this place.
 D = Time resting spent in this place.
 E = Time spent auto-exploring this place.
 F = Levels seen in this place.
 G = Mean time per level.
                   A        B        C        D        E       F      G
               +--------+--------+--------+--------+--------+-----+--------+
         Total |   3313 |   3308 |      5 |    329 |      0 |   3 | 1104.3 |
       Dungeon |   3313 |   3308 |      5 |    329 |      0 |   3 | 1104.3 |
               +--------+--------+--------+--------+--------+-----+--------+

Top non-repeatable levels by time:
     D:2: 1657 daAuts
     D:1: 1618 daAuts
     D:3: 37 daAuts
